Map: Proxima Station LE

Players

TERRAN - Winner!

  • Race: Protoss Protoss
  • League: Diamond
  • Spawn Location: 1:00

sean

  • Race: Terran Terran
  • League: Master
  • Spawn Location: 7:00

VOD

Have the link to the VOD?

Description

Time

  • Played on: May 21, 2017, 3:26 p.m.
  • Length: 22:27
Show
View Real Time Build Order
Export as new Build Order

TERRAN Protoss - Winner!

Build Orders: 1 Gate Expand 

Get SALT Encoding   

  12  0:00  Probe (Chrono Boost)  
  13  0:11  Probe (Chrono Boost)  
  14  0:22  Probe (Chrono Boost), Pylon  
  15  0:35  Assimilator  
  15  0:41  Probe (Chrono Boost)  
  16  0:46  Gateway  
  16  0:54  Pylon  
  16  1:01  Probe (Chrono Boost)  
  17  1:11  Probe (Chrono Boost)  
  17  1:14  Gateway  
  18  1:22  Probe (Chrono Boost)  
  19  1:40  Nexus  
  19  1:49  Cybernetics Core  
  19  1:56  Pylon  
  19  2:02  Pylon  
  19  2:08  Pylon  
  19  2:15  Pylon  
  19  2:23  Pylon  
  19  2:31  Pylon  
  19  2:35  Pylon  
  19  2:41  Pylon  
  18  2:53  Mothership Core (Chrono Boost)  
  20  2:59  Probe (Chrono Boost)  
  20  3:01  Assimilator  
  21  3:11  Forge  
  19  3:37  Probe (Chrono Boost)  
  19  3:40  Pylon  
  20  3:53  Probe (Chrono Boost)  
  21  4:00  Photon Cannon  
  21  4:02  Photon Cannon x2  
  21  4:04  Probe (Chrono Boost)  
  21  4:05  Pylon  
  22  4:18  Stargate  
  22  4:29  Pylon  
  22  4:39  Probe (Chrono Boost)  
  23  4:48  Stargate  
  23  4:49  Stargate  
  23  5:07  Nexus  
  23  5:16  Mothership Core (Chrono Boost)  
  25  5:37  Fleet Beacon  
  25  5:39  Assimilator  
  25  5:45  Assimilator  
  25  5:56  Pylon  
  25  6:22  Carrier  
  31  6:30  Carrier  
  37  6:42  Probe (Chrono Boost)  
  39  6:55  Probe (Chrono Boost)  
  39  6:56  Graviton Catapult  
  39  7:07  Probe (Chrono Boost)  
  38  7:22  Pylon  
  37  7:31  Pylon  
  37  7:38  Photon Cannon  
  37  7:49  Photon Cannon  
  37  8:23  Carrier  
  43  8:52  Carrier  
  49  9:49  Tempest  
  55  9:56  Forge  
  55  9:58  Pylon  
  55  10:18  Tempest  
  59  10:22  Gateway  
  59  10:24  Pylon  
  59  10:33  Tempest  
  59  11:26  Carrier  
  65  11:57  Photon Cannon x2  
  65  11:59  Photon Cannon  
  65  12:00  Pylon  
  65  12:14  Probe (Chrono Boost)  
Show
View Real Time Build Order
Export as new Build Order

sean Terran 

Build Orders: Cyclone Opening, MMM Bio 

Get SALT Encoding   

  12  0:01  SCV  
  13  0:13  SCV  
  14  0:18  Supply Depot  
  14  0:25  SCV  
  15  0:29  Refinery  
  15  0:40  SCV  
  16  0:46  Barracks  
  16  0:52  SCV  
  17  1:04  SCV  
  18  1:16  SCV  
  19  1:29  SCV  
  20  1:35  Barracks  
  20  1:38  Marine  
  21  1:42  SCV  
  22  1:54  Factory  
  22  1:57  Marine  
  23  2:03  Supply Depot  
  23  2:25  SCV  
  23  2:27  Marine  
  23  2:28  Marine  
  26  2:53  Cyclone  
  29  3:04  Marine  
  26  3:22  SCV  
  23  3:30  Marine x2  
  25  3:34  SCV  
  26  3:47  Orbital Command  
  26  4:00  Widow Mine  
  28  4:05  Marine  
  28  4:06  Marine  
  28  4:09  Refinery  
  30  4:10  Supply Depot  
  30  4:14  SCV  
  31  4:33  Starport  
  31  4:34  Barracks Tech Lab  
  31  4:38  Barracks Reactor  
  31  4:42  SCV  
  34  4:54  SCV  
  34  4:58  Marine, Stimpack  
  34  5:02  Widow Mine  
  34  5:06  SCV  
  37  5:14  Marine x2  
  39  5:23  Engineering Bay  
  39  5:28  Supply Depot  
  39  5:41  Command Center  
  39  5:49  Medivac  
  41  5:50  Marine  
  41  5:51  Supply Depot  
  41  5:53  Marine  
  43  6:00  SCV  
  43  6:01  Marine  
  45  6:13  SCV  
  46  6:19  Medivac  
  48  6:34  Marine x3  
  48  6:38  Engineering Bay, SCV  
  52  6:42  Widow Mine  
  54  6:51  SCV  
  54  6:52  Marine x2  
  57  6:56  Marine  
  57  6:58  Combat Shields  
  57  7:01  Orbital Command  
  58  7:09  SCV  
  58  7:13  Missile Turret  
  58  7:15  Missile Turret  
  59  7:27  SCV x2  
  59  7:29  Supply Depot  
  61  7:30  Marine x3  
  61  7:33  Medivac  
  66  7:41  SCV x2  
  68  7:47  Terran Infantry Weapons Level 1  
  68  7:48  Marine x2  
  68  7:50  Marine  
  71  7:53  Supply Depot  
  71  7:54  Widow Mine  
  71  7:56  SCV x2  
  75  8:08  SCV x2  
  77  8:19  Missile Turret  
  76  8:20  Missile Turret  
  76  8:23  Missile Turret  
  74  8:31  Marine x3  
  73  8:36  Orbital Command  
  70  8:49  Marine  
  70  8:54  Barracks  
  70  8:56  Barracks  
  70  8:57  Barracks x2  
  70  9:00  Supply Depot x2  
  70  9:02  Missile Turret  
  64  9:42  Marine x3  
  64  9:43  Marine  
  68  9:50  Marine x2, Missile Turret  
  70  9:58  Supply Depot  
  69  10:00  Marine x4  
  70  10:07  Medivac  
  70  10:08  Marine x2  
  74  10:18  Marine x4  
  78  10:26  Marine x2  
  78  10:27  Orbital Command  
  81  10:28  SCV  
  81  10:36  Marine x4  
  85  10:44  Supply Depot, Marine  
  85  10:45  Supply Depot  
  85  10:48  Marine  
  85  10:49  Medivac  
  82  11:00  Marine x4  
  82  11:01  Marine  
  76  11:15  Marine  
  76  11:18  Marine x2  
  77  11:26  Marine x3  
  77  11:28  Medivac  
  82  11:33  Marine  
  82  11:36  Marine x2  
  84  11:42  Supply Depot  
  84  11:44  Supply Depot, Marine x3  
  86  11:51  Marine  
  86  11:53  Marine  
  86  11:54  Marine  
  81  12:02  Marine x3  
  82  12:09  Marine  
  82  12:11  Marine x2  
  82  12:15  Viking  
  83  12:20  Marine x2  
  83  12:27  Marine x2  
  83  12:29  Marine x2  
  75  12:37  Marine  
  61  12:57  Marine x6  
  53  13:14  Marine  
  53  13:15  Marine x5  
  53  13:18  Refinery  
  53  13:19  Refinery  
  50  13:20  Refinery  
  50  13:26  Refinery  
  39  13:32  Marine x2  
  36  13:44  Marine x3  
  36  13:45  Marine  
  39  13:50  Marine x2  
  39  13:55  Viking  
  35  14:02  Marine x3  
  37  14:08  Marine x2  
  33  14:20  Marine x3  
  36  14:26  Marine x2  
  33  15:03  Viking  
  34  15:23  Marine  
  34  15:24  Marine x3  
  37  15:33  Viking  
  38  15:41  Marine  
  38  15:42  Marine x3  
  40  15:59  Marine x3  
  40  16:03  Viking  
  45  16:08  Marine  
  46  16:17  Marine x3  
  49  16:26  Marine  
  49  16:33  Viking  
  49  16:35  Marine x3  
  54  16:44  Marine  
  47  16:53  Marine x2  
  40  16:56  Marine  
  33  17:02  Marine  
  31  17:10  Marine, Viking  
  31  17:11  Marine  
  31  17:14  Marine  
  31  17:19  Marine  
  29  17:28  Marine x2  
  23  17:31  Marine  
  13  17:38  Marine  
  13  17:46  Marine x2  
  13  17:49  Marine  
  16  17:56  Marine  
  14  18:04  Marine x2  
  3  18:55  Orbital Command  
  3  20:00  Marine  
  4  20:18  Marine  
Tags
 
Add a new tag
Caveats
  • Supply blocks, unpowered buildings, or Contaminate may cause inaccurate times.
  • Supply counts are checked every 10 seconds.